 Dungeon Crawl Stone Soup version 0.27-a0-1322-gfdffb62a71 (webtiles) character file.

Game seed: 1106097674763005089

16600 Brandom the Fighter (level 12, -2/98 HPs)
             Began as a Demonspawn Delver on June 22, 2021.
             Was an Elder of Nemelex Xobeh.
             Slain by a very large slime creature (42 damage)
             ... on level 12 of the Dungeon.
             The game lasted 00:54:42 (15999 turns).

Brandom the Fighter (Demonspawn Delver)            Turns: 15999, Time: 00:54:43

Health: -2/98      AC: 15    Str: 22    XL:     12   Next: 11%
Magic:  0/19       EV: 15    Int: 13    God:    Nemelex Xobeh [****..]
Gold:   1758       SH:  6    Dex: 17    Spells: 11/11 levels left

rFire    . . .     SeeInvis .   y - +4 demon blade (vamp) {!w}
rCold    + . .     Faith    .   P - +1 buckler {reflect}
rNeg     . . .     Spirit   +   g - +3 ring mail {rC+}
rPois    .         Reflect  +   b - +0 helmet
rElec    .         Harm     .   L - +1 cloak
rCorr    .         Rampage  .   F - +0 pair of gloves {Stlth+}
Will     +....                  Q - +0 pair of boots
Stlth    ++++......             G - amulet of guardian spirit
HPRegen  1.26/turn              o - ring of willpower
MPRegen  0.16/turn              u - +6 ring of strength

@: no status effects
A: hooves 2, ignite blood 3, powered by death 1, sturdy frame 1, clever 1,
subdued magic 1
a: Renounce Religion, Draw Escape, Draw Destruction, Draw Summoning, Triple
Draw, Deal Four


You were on level 12 of the Dungeon.
You worshipped Nemelex Xobeh.
Nemelex Xobeh was greatly pleased with you.
You visited 2 branches of the dungeon, and saw 13 of its levels.

You collected 2038 gold pieces.
You spent 280 gold pieces at shops.

Inventory:

Hand Weapons
 a - a +1 falchion
 y - a +4 vampiric demon blade (weapon) {!w}
   (You acquired it on level 9 of the Dungeon)
Missiles
 A - 6 atropa-tipped darts (quivered)
 E - a throwing net {!f}
 J - 2 curare-tipped darts {!f}
Armour
 b - a +0 helmet (worn)
   (You found it on level 8 of the Dungeon)
 g - a +3 ring mail of cold resistance (worn)
   (You found it on level 3 of the Dungeon)
 s - a +0 buckler
   (You found it on level 4 of the Dungeon)
 F - a +0 pair of gloves of stealth (worn)
   (You found it on level 7 of the Dungeon)
 L - a +1 cloak (worn)
   (You found it on level 11 of the Dungeon)
 P - a +1 buckler of reflection (worn)
   (You found it on level 8 of the Dungeon)
 Q - a +0 pair of boots (worn)
   (You found it on level 11 of the Dungeon)
 R - the +1 robe of the Game of Kings {Fly Int+8 Dex-3 SInv}
   (You found it on level 12 of the Dungeon)

   It affects your intelligence (+8).
   It affects your dexterity (-3).
   It lets you see invisible.
   It grants you flight.
Jewellery
 o - a ring of willpower (left hand)
   (You found it on level 2 of the Dungeon)
 u - a +6 ring of strength (right hand)
   (You found it on level 6 of the Dungeon)
 G - an amulet of guardian spirit (around neck)
   (You found it on level 4 of the Dungeon)
 M - a +4 ring of protection
   (You took it off an orc on level 8 of the Dungeon)
 N - an amulet of the acrobat
   (You found it on level 8 of the Dungeon)
Wands
 d - a wand of iceblast (17)
   (You found it on level 2 of the Dungeon)
 t - a wand of flame (47)
   (You found it on level 7 of the Dungeon)
 v - a wand of digging (8)
 x - a wand of acid (5)
   (You found it on level 5 of the Dungeon)
Scrolls
 c - 4 scrolls of fog
 i - 6 scrolls of amnesia
 j - 2 scrolls of enchant armour
 k - a scroll of enchant weapon
 p - 2 scrolls of magic mapping
 q - 3 scrolls of immolation {unknown}
 r - 2 scrolls of vulnerability {unknown}
 z - 2 scrolls of brand weapon
 C - 5 scrolls of identify {@r1}
 K - a scroll of fear
 O - a scroll of silence {unknown}
Potions
 e - a potion of berserk rage
 f - 2 potions of haste {@q3}
 h - a potion of cancellation
 l - 2 potions of curing {@q1}
 m - a potion of flight {unknown}
 n - 2 potions of attraction {!q}
 w - 2 potions of might
 B - 2 potions of lignification {unknown}
 D - 9 potions of degeneration {!q}
 H - a potion of brilliance
 I - 2 potions of heal wounds {unknown}


   Skills:
 + Level 10.3 Fighting
 * Level 9.1 Long Blades
 + Level 7.2 Armour
 + Level 7.5 Dodging
 - Level 4.5 Stealth
 - Level 4.6 Shields
 + Level 9.8 Invocations
 - Level 0.1 Evocations


You had 11 spell levels left.
You didn't know any spells.
Your spell library contained the following spells:

 Spells                   Type           Power      Damage    Failure   Level
 Animate Skeleton         Necr           0%         N/A       32%         1
 Corona                   Hex            0%         N/A       32%         1
 Pain                     Necr           0%         1d4       32%         1
 Ensorcelled Hibernation  Hex/Ice        0%         N/A       45%         2
 Confusing Touch          Hex            0%         N/A       71%         3
 Dazzling Flash           Conj/Hex       0%         N/A       71%         3
 Tukima's Dance           Hex            0%         N/A       71%         3
 Vampiric Draining        Necr           0%         2d6       71%         3
 Animate Dead             Necr           0%         N/A       98%         4
 Agony                    Necr           0%         N/A       100%        5
 Blade Hands              Tmut           0%         N/A       100%        5
 Irradiate                Conj/Tmut      0%         3d13      100%        5
 Statue Form              Tmut/Erth      0%         N/A       100%        6
 Dragon Form              Tmut           0%         N/A       100%        7
 Storm Form               Tmut/Air       0%         N/A       100%        7


Dungeon Overview and Level Annotations

Branches:
Dungeon (12/15)            Temple (1/1) D:7            Lair (0/6) D:8
    Orc (0/2) D:11

Altars:
Ashenzari
Cheibriados
Dithmenos
Elyvilon
Fedhas
Gozag
Hepliaklqana
Nemelex Xobeh
Okawaru
Qazlal
Ru
Sif Muna
Trog
Uskayaw
Vehumet
Wu Jian
Yredelemnul
Zin
The Shining One

Shops:
D:5 *   D:6 ?


Innate Abilities, Weirdness & Mutations

You have hoof-like feet.
Your demonic aura causes all spilled blood to erupt in flames.
You regenerate a little health from kills.
Your movements are slightly less encumbered by armour. (ER -2)
Your mind is acute. (Int +2)
Your spells are a little easier to cast, but a little less powerful.


Message History

You kill the slime creature!
You slice the slime creature!! You block the slime creature's attack.
The large slime creature closely misses you.
You hit the slime creature. The slime creature barely misses you.
You slash the slime creature!
You block the large slime creature's attack.
The slime creature hits you.
You slash the slime creature!
You feel better.
Two slime creatures merge to form a very large slime creature.
The slime creature hits you!
The slime creature hits you but does no damage.
Unknown command.
You hit the slime creature.
You feel better. The slime creature barely misses you.
You riposte.
You slash the slime creature!
You feel better.
The very large slime creature hits you!!!
* * * LOW HITPOINT WARNING * * *
The slime creature is engulfed in blazing flames.
The slime creature hits you.
* * * LOW HITPOINT WARNING * * *
You completely miss the slime creature.
The very large slime creature is engulfed in blazing flames.
The very large slime creature barely misses you.
You riposte.
You slash the very large slime creature!
You feel better.
The slime creature is engulfed in blazing flames.
The slime creature hits you but does no damage.
You slash the slime creature!
You feel better.
You kill the slime creature!
The very large slime creature is engulfed in blazing flames.
The very large slime creature hits you!!
* * * LOW HITPOINT WARNING * * *
The slime creature is engulfed in blazing flames.
The slime creature misses you.
The very large slime creature is engulfed in blazing flames.
The slime creature is engulfed in blazing flames.
You slice the slime creature!!
You feel better.
You kill the slime creature!
You hit the very large slime creature.
You feel better.
The very large slime creature is engulfed in blazing flames.
The very large slime creature hits you!
* * * LOW HITPOINT WARNING * * *
The very large slime creature is engulfed in blazing flames.
You slash the very large slime creature!
You feel better.
The very large slime creature is engulfed in blazing flames.
The very large slime creature hits you!!!
You die...
Your body glows with a rainbow of weird colours and disappears.

... .... .... .....
....###################.
.......................
######........###°○......
..............@J°........
........###+########+####
........#
........##########
#######...........
#...######## #...# #...#
#...#


You could see a very large slime creature.

Vanquished Creatures
  Fannar (D:11)
  3 two-headed ogres
  Nergalle (D:11)
  Sonja (D:11)
  Pikel (D:6)
  A deep elf pyromancer (D:12)
  2 unseen horrors
  Grinder (D:4)
  A hornet (D:8)
  8 slime creatures (D:12)
  A vampire (D:10)
  A wraith (D:12)
  12 yaks
  A steam dragon (D:7)
  Menkaure (D:7)
  2 wargs (D:8)
  Duvessa (D:7)
  A swamp drake (D:11)
  7 orc warriors
  A black bear (D:8)
  2 necrophages
  2 ogres
  2 centaurs
  4 lemures (D:6)
  A phantom (D:6)
  A gnoll sergeant (D:9)
  2 bullfrogs (D:7)
  4 scorpions
  Dowan (D:7)
  18 killer bees
  4 howler monkeys
  A bullfrog zombie (D:6)
  9 centaur zombies
  4 hounds
  3 centaur skeletons
  7 orc priests
  3 gnoll shamans
  2 jellies
  Jessica (D:3)
  4 iguanas
  16 orc wizards
  2 killer bee zombies
  A hound skeleton (D:5)
  A howler monkey zombie (D:7)
  14 gnolls
  7 adders
  A white imp (D:8)
  3 worms
  A dart slug (D:2)
  31 orcs
  2 ball pythons (D:3)
  2 bats (D:1)
  5 endoplasms
  A giant cockroach (D:3)
  6 hobgoblins
  A jackal (D:1)
  5 quokkas
  4 frilled lizards
  2 goblins
  7 kobolds
  2 rats
237 creatures vanquished.

Vanquished Creatures (collateral kills)
  A boulder beetle (D:11)
  A manticore (D:11)
  An orc (D:11)
3 creatures vanquished.

Vanquished Creatures (others)
  An orc wizard (D:5)
  A butterfly (D:11)
  A plant (D:8)
3 creatures vanquished.

Grand Total: 243 creatures vanquished

Notes
Turn   | Place    | Note
-------+----------+-------------------------------------------
     0 | D:5      | Brandom the Demonspawn Delver began the quest for the Orb.
     0 | D:5      | Reached XP level 1. HP: 18/18 MP: 1/1
   272 | D:3      | Noticed Jessica
   300 | D:3      | Killed Jessica
   301 | D:3      | Gained mutation: Your demonic aura sometimes causes spilled
                  | blood to erupt in flames. [demonic ancestry]
   301 | D:3      | Reached XP level 2. HP: 7/24 MP: 2/2
   301 | D:3      | Gained mutation: You have large cloven feet. [demonic
                  | ancestry]
   301 | D:3      | Reached XP level 3. HP: 8/29 MP: 3/3
   578 | D:3      | Reached skill level 1 in Armour
  1001 | D:1      | Reached XP level 4. HP: 37/37 MP: 4/4
  1141 | D:1      | Found a faded altar of an unknown god.
  1152 | D:1      | Became a worshipper of Vehumet
  1152 | D:1      | Reached * piety under Vehumet
  1152 | D:1      | Offered knowledge of Sandblast by Vehumet.
  2090 | D:2      | Found a sparkling altar of Nemelex Xobeh.
  2110 | D:2      | Fell from the grace of Vehumet
  2110 | D:2      | Became a worshipper of Nemelex Xobeh the Trickster
  2219 | D:2      | Reached skill level 4 in Fighting
  2815 | D:3      | Gained mutation: Your spells are a little easier to cast,
                  | but a little less powerful. [potion of mutation]
  2815 | D:3      | Gained mutation: You are weak. (Str -2) [potion of
                  | mutation]
  2815 | D:3      | Gained mutation: You evolve. [potion of mutation]
  3060 | D:3      | Lost mutation: You are weak. (Str -2) [evolution]
  3362 | D:3      | Gained mutation: You have hoof-like feet. [demonic
                  | ancestry]
  3362 | D:3      | Reached XP level 5. HP: 16/42 MP: 5/5
  3825 | D:4      | Reached skill level 1 in Invocations
  4029 | D:4      | Noticed Grinder
  4050 | D:4      | Killed Grinder
  4051 | D:4      | Reached skill level 5 in Fighting
  4051 | D:4      | Gained mutation: Your movements are slightly less
                  | encumbered by armour. (ER -2) [demonic ancestry]
  4051 | D:4      | Reached XP level 6. HP: 26/51 MP: 7/7
  4546 | D:4      | Reached * piety under Nemelex Xobeh
  4668 | D:4      | Found a radiant altar of Vehumet.
  4679 | D:4      | HP: 2/51 [acid (7)]
  4819 | D:4      | Gained mutation: Your mind is acute. (Int +2) [evolution]
  4819 | D:4      | Lost mutation: You evolve. [end of evolution]
  5517 | D:5      | Gained mutation: You regenerate a little health from kills.
                  | [demonic ancestry]
  5517 | D:5      | Reached XP level 7. HP: 51/56 MP: 6/9
  5841 | D:5      | Reached skill level 1 in Shields
  6022 | D:5      | Found Vycutimm's Overcharged Wands.
  6445 | D:5      | Reached skill level 6 in Fighting
  6575 | D:5      | Was forgiven by Vehumet
  6759 | D:6      | Received a gift from Nemelex Xobeh
  6793 | D:5      | Gained mutation: Your demonic aura often causes spilled
                  | blood to erupt in flames. [demonic ancestry]
  6793 | D:5      | Reached XP level 8. HP: 7/64 MP: 3/10
  7417 | D:6      | Found Etaz Mui's Magic Scroll Shoppe.
  7428 | D:6      | Bought a scroll of brand weapon for 280 gold pieces
  7446 | D:6      | Reached ** piety under Nemelex Xobeh
  7750 | D:7      | Noticed Pikel
  7750 | D:7      | Noticed Menkaure
  7753 | D:7      | Noticed a two-headed ogre
  7754 | D:7      | Killed Menkaure
  7919 | D:6      | Reached skill level 7 in Fighting
  7979 | D:6      | Killed Pikel
  7980 | D:6      | Reached skill level 5 in Invocations
  7980 | D:6      | Reached XP level 9. HP: 41/72 MP: 6/13
  7984 | D:6      | Killed a two-headed ogre
  7985 | D:6      | Reached skill level 5 in Long Blades
  8283 | D:7      | Found a staircase to the Ecumenical Temple.
  8393 | D:7      | Reached skill level 8 in Fighting
  8393 | D:7      | Reached skill level 5 in Dodging
  8984 | D:7      | Noticed Dowan
  8987 | D:7      | Noticed Duvessa
  8992 | D:7      | Killed Dowan
  9001 | D:7      | Killed Duvessa
 10037 | Temple   | Entered the Ecumenical Temple
 10302 | D:8      | Paralysed by a hornet for 2 turns
 10818 | D:8      | Killed an unseen horror
 10819 | D:8      | Reached skill level 5 in Armour
 10819 | D:8      | Reached XP level 10. HP: 17/82 MP: 3/14
 11018 | D:8      | Found a staircase to the Lair.
 11261 | D:8      | Reached skill level 9 in Fighting
 12227 | D:8      | Reached *** piety under Nemelex Xobeh
 12227 | D:8      | Received a gift from Nemelex Xobeh
 12564 | D:9      | Identified 2 scrolls of acquirement
 12564 | D:9      | Acquired a +4 vampiric demon blade
 12565 | D:9      | Acquired 1081 gold pieces
 12611 | D:9      | Found a blossoming altar of Fedhas.
 12752 | D:9      | Noticed a two-headed ogre
 12762 | D:9      | Killed a two-headed ogre
 12990 | D:9      | Found an iron altar of Okawaru.
 13028 | D:9      | Received a gift from Nemelex Xobeh
 13358 | D:10     | Entered Level 10 of the Dungeon
 13503 | D:10     | Gained mutation: Your demonic aura causes all spilled blood
                  | to erupt in flames. [demonic ancestry]
 13503 | D:10     | Reached XP level 11. HP: 89/89 MP: 17/17
 13579 | D:10     | Found a snail-covered altar of Cheibriados.
 13690 | D:10     | Noticed a two-headed ogre
 13698 | D:10     | Killed a two-headed ogre
 13764 | D:10     | Reached **** piety under Nemelex Xobeh
 13805 | D:10     | Received a gift from Nemelex Xobeh
 14371 | D:11     | Noticed Nergalle
 14385 | D:11     | Killed Nergalle
 14419 | D:11     | Noticed Sonja
 14420 | D:11     | Killed Sonja
 14455 | D:11     | Noticed Fannar
 14472 | D:11     | Killed Fannar
 14473 | D:11     | Reached skill level 10 in Fighting
 14605 | D:11     | Noticed a boulder beetle
 14628 | D:11     | Killed a boulder beetle
 15298 | D:11     | Received a gift from Nemelex Xobeh
 15299 | D:11     | Found a staircase to the Orcish Mines.
 15395 | D:12     | Noticed a deep elf pyromancer
 15403 | D:12     | Killed a deep elf pyromancer
 15419 | D:12     | Identified the +1 robe of the Game of Kings {Fly Int+8
                  | Dex-3 SInv}
 15634 | D:12     | Reached XP level 12. HP: 59/97 MP: 6/19
 15999 | D:12     | Slain by a very large slime creature

Illustrated notes

Levels and vault maps discovered:
D:1:      dpeg_arrival_windows_large_door, layout_basic,
          shapermc_ecumenical_altar_mp_ritualfount, minmay_hexomino_u4
D:2:      layout_basic, basic_altar
D:3:      layout_rooms, serial_rivers, chequers_serial_rivers_small_3,
          chequers_serial_rivers_micro_e, chequers_serial_rivers_marsh,
          chequers_serial_rivers_large_a, chequers_serial_rivers_room_b,
          uniq_jessica
D:4:      layout_loops_cross, lemuel_tele_altar, minmay_misc_feat_encased,
          kennysheep_doodads, uniq_grinder
D:5:      layout_loops_cross, nicolae_shop_overcharged_wands
D:6:      layout_rooms, serial_shops, shop
D:7:      layout_basic, minmay_temple_entry_slanted, minmay_microvault,
          uniq_duvessa, uniq_pikel, uniq_menkaure
D:8:      layout_basic, erik_lair_orcish_takeover
D:9:      layout_loops_ring, okawaru_gym_becter, fedhas_ov_isle_minmay,
          st_stairs_7
D:10:     layout_loops_corners, nicolae_overflow_hidden_temple,
          kennysheep_potato
D:11:     layout_roguey, erik_orc_1, nicolae_elyvilon_peaceful_grove,
          uniq_nergalle, uniq_sonja, uniq_fannar
D:12:     layout_stronghold, uniq_erolcha, uniq_nessos, uniq_josephine,
          uniq_frances
Temple:   regret_index_temple_generic_petals

Skill      XL: |  1  2  3  4  5  6  7  8  9 10 11 12 |
---------------+-------------------------------------+-----
Long Blades    | 2 3 4 5 7 8 9 |  9.1
Dodging        | 2 3 4 5 6 7 |  7.5
Armour         | 1 2 3 4 5 6 7 |  7.2
Fighting       | 4 5 6 7 8 9 10 | 10.3
Invocations    | 2 3 5 6 8 9 |  9.8
Shields        | 1 3 4 |  4.6
Stealth        | |  4.5
Evocations     | |  0.1

Action                   |  1- 3 |  4- 6 |  7- 9 | 10-12 || total
-------------------------+-------+-------+-------+-------++-------
Melee: Falchion          |    52 |   144 |   357 |   141 ||   694
       Kick              |     8 |    46 |   164 |   132 ||   350
       Demon blade       |       |       |       |   262 ||   262
Throw: Dart              |       |       |     2 |       ||     2
Invok: Draw Destruction  |       |       |     2 |     7 ||     9
       Draw Escape       |       |       |     1 |     1 ||     2
       Draw Summoning    |       |       |     1 |     3 ||     4
       Deal Four         |       |       |       |     1 ||     1
Evoke: Wand              |       |     4 |     8 |     4 ||    16
  Use: Scroll            |       |     8 |       |     7 ||    15
       Potion            |       |     1 |       |     1 ||     2
 Stab: Sleeping          |     1 |     6 |    10 |    11 ||    28
       Distracted        |       |     1 |       |     1 ||     2
Armor: Leather armour    |    17 |     4 |       |       ||    21
       Ring mail         |       |    42 |   143 |   153 ||   338
Dodge: Dodged            |    35 |    70 |   252 |   237 ||   594
Block: Buckler           |       |     1 |    79 |   107 ||   187
       Reflection        |       |       |       |     4 ||     4
       Rpst.: Falchion   |    11 |    22 |    68 |    28 ||   129
       Demon blade       |       |       |       |    30 ||    30

Table legend: (Time is in decaauts)
 A = Elapsed time spent in this place.
 B = Non-inter-level travel time spent in this place.
 C = Inter-level travel time spent in this place.
 D = Time resting spent in this place.
 E = Time spent auto-exploring this place.
 F = Levels seen in this place.
 G = Mean time per level.
                   A        B        C        D        E       F      G
               +--------+--------+--------+--------+--------+-----+--------+
         Total |  16109 |  15579 |    530 |   2255 |  10919 |  13 | 1239.2 |
       Dungeon |  15890 |  15382 |    508 |   2255 |  10722 |  12 | 1324.2 |
        Temple |    219 |    197 |     22 |      0 |    197 |   1 |  219.0 |
               +--------+--------+--------+--------+--------+-----+--------+

Top non-repeatable levels by time:
     D:8: 2294 daAuts
     D:5: 1895 daAuts
     D:3: 1604 daAuts
     D:7: 1546 daAuts
     D:4: 1494 daAuts
     D:6: 1432 daAuts
     D:2: 1222 daAuts
    D:11: 1032 daAuts
    D:10: 979 daAuts
     D:1: 972 daAuts
     D:9: 801 daAuts
    D:12: 613 daAuts
  Temple: 219 daAuts
